 Dungeon Crawl Stone Soup version 0.29.1-14-g9c671dbff4 (webtiles) character file.

Game seed: 13398756821764626840

27325 protoss039 the Fighter (level 13, -8/103 HPs)
             Began as a Demonspawn Earth Elementalist on Feb 19, 2023.
             Was an Elder of Vehumet.
             Mangled by Urug
             ... wielding a +1 great mace of holy wrath
              (32 damage)
             ... on level 13 of the Dungeon.
             The game lasted 00:32:16 (18161 turns).

protoss039 the Fighter (DsEE)                      Turns: 18161, Time: 00:32:17

Health: -8/103     AC:  6    Str: 10    XL:     13   Next: 3%
Magic:  21/26      EV: 12    Int: 26    God:    Vehumet [****..]
Gold:   317        SH:  5    Dex: 14    Spells: 5/31 levels left

rFire   . . .      SeeInvis .   q - +1 dagger (venom)
rCold   . . .      Faith    .   F - +0 buckler
rNeg    . . .      Spirit   .   S - +1 robe {Will+}
rPois   .          Reflect  .   P - +0 hat {Stlth+}
rElec   .          Harm     .   (no cloak)
rCorr   .          Rampage  .   (no gloves)
Will    ++...                   E - +0 pair of boots
Stlth   +++.......              (no amulet)
HPRegen 0.27/turn               d - ring of willpower
MPRegen 0.20/turn               C - +6 ring of intelligence

@: no status effects
A: claws 2, powered by death 1, spiny 3, sharp scales 2
a: Renounce Religion


You were on level 13 of the Dungeon.
You worshipped Vehumet.
Vehumet was greatly pleased with you.
You visited 2 branches of the dungeon, and saw 14 of its levels.
You also visited: Ossuary.

You collected 902 gold pieces.
You spent 585 gold pieces at shops.

Inventory:

Hand Weapons
 q - a +1 dagger of venom (weapon)
 J - a +0 spear of venom
 M - a +4 scimitar of flaming
Missiles
 k - a throwing net
Armour
 n - +0 acid dragon scales
 p - the +0 robe of the Last Dreams {rElec rF+ Int+5}
   (You found it on level 2 of the Dungeon)

   Int:       It affects your intelligence (+5).
   rF:        It protects you from fire.
   rElec:     It insulates you from electricity.
 E - a +0 pair of boots (worn)
 F - a +0 buckler (worn)
 N - a +2 robe of resistance
 P - a +0 hat of stealth (worn)
 S - a +1 robe of willpower (worn)
Magical Staves
 T - a staff of earth
Jewellery
 d - a ring of willpower (left claw)
 l - a +4 ring of protection
 r - a ring of wizardry
 C - a +6 ring of intelligence (right claw)
 D - a ring of protection from cold
 O - a ring of protection from fire
 R - a ring of see invisible
Wands
 x - a wand of paralysis (13)
 H - a wand of mindburst (12)
 L - a wand of digging (1)
 Q - a wand of flame (7)
Scrolls
 e - 3 scrolls of identify
 g - a scroll of enchant armour
 h - a scroll of blinking
 m - 2 scrolls of enchant weapon
 s - a scroll of poison
 t - a scroll of immolation
 v - 6 scrolls of teleportation
 w - 3 scrolls of amnesia
 y - a scroll of fear
 A - 2 scrolls of magic mapping
 G - 2 scrolls of brand weapon
 K - a scroll of butterflies
Potions
 a - 6 potions of might
 b - 4 potions of magic
 c - 3 potions of resistance
 f - 5 potions of haste
 i - 3 potions of mutation
 j - 9 potions of heal wounds
 o - 13 potions of curing
 u - 2 potions of ambrosia
 z - 9 potions of lignification
 B - 2 potions of cancellation
 I - a potion of brilliance


   Skills:
 + Level 10.1 Fighting
 - Level 3.0 Armour
 - Level 3.0 Dodging
 - Level 3.0 Stealth
 - Level 6.0 Shields
 + Level 9.6 Spellcasting
 + Level 9.9 Conjurations
 * Level 1.6 Necromancy
 - Level 3.0 Transmutations
 - Level 3.0 Air Magic
 + Level 9.8 Earth Magic


You had 5 spell levels left.
You knew the following spells:

 Your Spells              Type           Power      Damage    Failure   Level
a - Sandblast             Erth           100%       2d20      1%          1
b - Passwall              Tmut/Erth      38%        N/A       1%          2
c - Stone Arrow           Conj/Erth      100%       3d13      1%          3
d - Lightning Bolt        Conj/Air       23%        1d38      3%          5
f - Olgreb's Toxic Radia  Pois           12%        N/A       16%         4
i - Borgnjor's Vile Clut  Necr/Erth      21%        N/A       16%         5
j - Iron Shot             Conj/Erth      29%        9d6       4%          6

Your spell library contained the following spells:

 Spells                   Type           Power      Damage    Failure   Level
 Beastly Appendage        Tmut           56%        N/A       1%          1
 Magic Dart               Conj           100%       1d8       1%          1
 Poisonous Vapours        Pois/Air       40%        N/A       1%          2
 Searing Ray              Conj           100%       2d8       1%          2
 Iskenderun's Battlesphe  Conj           59%        2d11      1%          5
 Wereblood                Tmut           28%        N/A       2%          2
 Fulminant Prism          Conj/Hex       19%        3d11      2%          4
 Sting                    Tmut/Pois      80%        1d7       3%          1
 Petrify                  Tmut/Erth      46%        N/A       4%          4
 Frozen Ramparts          Ice            24%        1d4       5%          3
 Summon Small Mammal      Summ           48%        N/A       6%          1
 Spider Form              Tmut/Pois      20%        N/A       10%         3
 Call Canine Familiar     Summ           12%        N/A       19%         3
 Gell's Gravitas          Tloc           12%        N/A       19%         3
 Lesser Beckoning         Tloc           12%        N/A       19%         3
 Summon Guardian Golem    Hex/Summ       12%        N/A       19%         3
 Teleport Other           Tloc           12%        N/A       19%         3
 Ice Form                 Ice/Tmut       20%        N/A       32%         4
 Summon Ice Beast         Ice/Summ       12%        N/A       52%         4
 Alistair's Intoxication  Tmut/Pois      13%        N/A       67%         5
 Eringya's Noxious Bog    Tmut/Pois      10%        N/A       75%         6
 Spellforged Servitor     Conj/Summ      19%        N/A       82%         7
 Borgnjor's Revivificati  Necr           10%        N/A       100%        8
 Necromutation            Tmut/Necr      12%        N/A       100%        8
 Death's Door             Necr           10%        N/A       100%        9


Dungeon Overview and Level Annotations

Branches:
Dungeon (13/15) Zot: 25003  Temple (1/1) D:7 Zot: 5768    Lair (0/5) D:11
    Orc (0/2) D:12        Ossuary (visited)
 Vaults: D:13-14

Altars:
Ashenzari
Cheibriados
Dithmenos
Fedhas
Gozag
Hepliaklqana
Kikubaaqudgha
Makhleb
Nemelex Xobeh
Okawaru
Qazlal
Ru
Sif Muna
Trog
Uskayaw
Vehumet
Wu Jian
Xom
Yredelemnul

Shops:
D:1 (   D:2 ?   D:13 :

Annotations:
D:7 2 transporters
D:13 Urug


Innate Abilities, Weirdness & Mutations

You have very sharp fingernails.
You regenerate a little health from kills.
You are completely covered in sharp spines.
You are mostly covered in razor-sharp scales. (AC +2, Slay +2)


Message History

Aim: an eight-headed hydra (lightly wounded, constricted by zombie hands, 100% to hit)
The iron shot hits the eight-headed hydra!!
The eight-headed hydra is heavily wounded.
The zombie hands constrict the eight-headed hydra!
The eight-headed hydra struggles to escape constriction.
Unknown command.
Casting: Iron Shot (dangerous; 4% risk of failure)
Confirm with . or Enter, or press ? or * to list all spells.
Aiming: Iron Shot (dangerous; 4% risk of failure)
Press: ? - help, Shift-Dir - straight line, f/p - eight-headed hydra
Aim: an eight-headed hydra (severely wounded, constricted by zombie hands, 100% to hit)
The iron shot hits the eight-headed hydra!!
You kill the eight-headed hydra!
Vehumet accepts your kill.
You feel your power returning.
An electric eel comes into view.
An electric eel is nearby!
An electric eel is nearby!
No reachable target in view!
Unknown command.
There is an open gate here.
Unknown command.
Urug the Orcish Ballista comes into view.
She is wielding a +1 great mace of holy wrath.
The helpless Urug fails to defend herself.
You puncture Urug!
Urug is lightly wounded.
Urug hits you with a +1 great mace of holy wrath!!
You convulse!!
Unknown command.
Casting: Iron Shot (dangerous; 4% risk of failure)
Confirm with . or Enter, or press ? or * to list all spells.
Aiming: Borgnjor's Vile Clutch (dangerous; 16% risk of failure)
Press: ? - help, Shift-Dir - straight line, f - Urug
Aim: Urug, wielding a +1 great mace of holy wrath, wearing a +0 scale mail and quivering javelins (lightly wounded, 100% to hit)
Zombie hands grab Urug.
The zombie hands constrict Urug.
Urug hits you with a +1 great mace of holy wrath!!
* * * LOW HITPOINT WARNING * * *
You convulse!!
You die...

..# .♣.♣.♣
##............# ..#
...♣...♣ ≈##...........#
..#
♣.♣.♣.♣.♣S≈##..........#
..#
♣.♣.♣...♣≈≈##.........#
..#≈≈
♣.♣.♣.♣.♣≈≈#.........#
..#≈♣.
♣...♣...♣≈#.........#
..'..♣
♣.♣.♣.♣..'..........
..'..
♣.♣.♣...'..........
.('.. ♣@♣.♣..'.........#
.##≈
♣..o♣...♣≈#.........# .#
♣.♣.♣.♣.♣≈≈#.........#
.# ♣.♣...♣≈≈##..[#####>#
.# ♣.♣.♣.♣≈≈###...# #.#
.# ### ..♣...♣≈≈## #...#
#.# .# #.##
♣.♣.♣.♣≈≈#####...# #.#
.# #..## ≈♣..
≈≈##.......# #.# .#
#...## #..####..#####..


You could see Urug (clutched).

Vanquished Creatures
  Jorgrun (D:13)
  Gastronok (D:10)
  Erolcha (D:12)
  Erica (D:9)
  5 hydras
  2 centaur warriors
  3 two-headed ogres
  2 tengu warriors (D:13)
  An ugly thing (D:12)
  2 manticores
  Psyche (D:11)
  Maggie (D:9)
  2 gargoyles (D:12)
  4 tengu conjurers (D:13)
  A komodo dragon (D:11)
  A kobold demonologist (D:13)
  4 trolls
  A hornet (D:8)
  4 polar bears (D:8)
  9 slime creatures (D:12)
  A yak (shapeshifter) (D:13)
  2 vampires
  3 yaks (D:8)
  2 unseen horror simulacra (D:8)
  2 wyverns
  2 wraiths (D:10)
  4 vampire mosquitoes (D:13)
  3 steam dragons (D:7)
  3 acid dragons
  2 water moccasins
  A hornet zombie (Ossuary)
  6 orc warriors
  2 sky beasts
  A swamp drake (D:12)
  3 ice beasts
  An ogre (D:7)
  A wolf (D:8)
  7 centaurs
  4 phantoms
  A bullfrog (D:7)
  3 gnoll sergeants
  A wyvern zombie (Ossuary)
  5 scorpions
  20 wights
  9 killer bees
  7 electric eels (D:8)
  2 wyvern simulacra (D:8)
  4 hounds
  3 bullfrog zombies (Ossuary)
  3 centaur zombies (Ossuary)
  3 jellies
  8 orc priests
  18 mummies (Ossuary)
  An iguana (D:6)
  Terence (D:1)
  8 orc wizards
  Natasha (thrice) (D:2)
  4 killer bee zombies (Ossuary)
  2 centaur simulacra (D:8)
  A howler monkey zombie (Ossuary)
  13 gnolls
  9 adders
  A shadow imp (D:6)
  6 white imps
  2 howler monkey simulacra (D:8)
  5 ufetubi
  A worm (D:2)
  5 dart slugs
  38 orcs
  4 endoplasms
  6 giant cockroaches
  7 goblins
  2 hobgoblins (D:1)
  2 jackals (D:1)
  4 quokkas
  7 ball pythons
  3 bats
  2 frilled lizards
  2 kobolds
  A rat (D:1)
324 creatures vanquished.

Vanquished Creatures (others)
  7 plants
  4 withered plants (Ossuary)
11 creatures vanquished.

Grand Total: 335 creatures vanquished

Notes
Turn   | Place    | Note
-------+----------+-------------------------------------------
     0 | D:1      | protoss039 the Demonspawn Earth Elementalist began the
                  | quest for the Orb.
     0 | D:1      | Reached XP level 1. HP: 13/13 MP: 3/3
    64 | D:1      | Gained mutation: You are partially covered in sharp spines.
                  | [demonic ancestry]
    64 | D:1      | Reached XP level 2. HP: 16/20 MP: 5/5
   169 | D:1      | Reached skill level 1 in Fighting
   394 | D:1      | Found Utosur's Weapon Emporium.
   542 | D:1      | Found a faded altar of an unknown god.
   628 | D:1      | Gained mutation: You have sharp fingernails. [demonic
                  | ancestry]
   628 | D:1      | Reached XP level 3. HP: 23/26 MP: 6/6
   768 | D:1      | Learned a level 2 spell: Passwall
   975 | D:2      | Noticed Natasha
   990 | D:2      | Killed Natasha
   991 | D:2      | Reached skill level 2 in Fighting
   991 | D:2      | Gained mutation: You are mostly covered in sharp spines.
                  | [demonic ancestry]
   991 | D:2      | Reached XP level 4. HP: 6/33 MP: 4/8
  1031 | D:2      | Found Rualam's Magic Scroll Emporium.
  1240 | D:2      | Bought a scroll of identify for 26 gold pieces
  1240 | D:2      | Bought a scroll of noise for 13 gold pieces
  1240 | D:2      | Bought a scroll of identify for 26 gold pieces
  1240 | D:2      | Bought a scroll of identify for 26 gold pieces
  1266 | D:2      | Found a stormy altar of Qazlal.
  1283 | D:2      | Noticed Terence
  1322 | D:1      | Learned a level 3 spell: Stone Arrow
  1412 | D:1      | Killed Terence
  1615 | D:2      | Reached XP level 5. HP: 39/39 MP: 6/9
  1744 | D:2      | Reached skill level 1 in Conjurations
  1747 | D:2      | Identified the +0 robe of the Last Dreams {rElec rF+ Int+5}
  1763 | D:2      | Noticed Natasha
  1772 | D:2      | Killed Natasha
  1928 | D:2      | Noticed Natasha
  1934 | D:2      | Killed Natasha
  3519 | D:4      | Reached skill level 3 in Fighting
  3519 | D:4      | Reached XP level 6. HP: 46/47 MP: 11/11
  3922 | D:5      | Entered Level 5 of the Dungeon
  4045 | D:5      | Found a sand-covered staircase.
  4050 | Ossuary  | Entered an ossuary
  4176 | Ossuary  | Gained mutation: You are partially covered in razor-sharp
                  | scales. (AC +1, Slay +1) [demonic ancestry]
  4176 | Ossuary  | Reached XP level 7. HP: 34/52 MP: 8/13
  4256 | Ossuary  | Reached skill level 4 in Fighting
  4330 | Ossuary  | Reached skill level 5 in Earth Magic
  4599 | Ossuary  | Reached XP level 8. HP: 29/61 MP: 13/15
  4999 | Ossuary  | Reached skill level 5 in Spellcasting
  5412 | D:5      | Reached skill level 5 in Fighting
  5735 | D:6      | Reached skill level 1 in Transmutations
  6225 | D:6      | Reached skill level 1 in Armour
  6225 | D:6      | Reached skill level 1 in Shields
  6446 | D:6      | Gained mutation: You are completely covered in sharp
                  | spines. [demonic ancestry]
  6446 | D:6      | Reached XP level 9. HP: 68/68 MP: 5/17
  6781 | D:6      | Found an iron altar of Okawaru.
  7004 | D:7      | Reached skill level 5 in Conjurations
  7548 | D:7      | Found a staircase to the Ecumenical Temple.
  7677 | Temple   | Entered the Ecumenical Temple
  7882 | Temple   | Became a worshipper of Vehumet
  8086 | D:7      | Reached skill level 6 in Fighting
  8235 | D:7      | Found a transporter.
  8266 | D:7      | Found a transporter.
  8513 | D:8      | Found a blossoming altar of Fedhas.
  8978 | D:8      | Gained mutation: You regenerate a little health from kills.
                  | [demonic ancestry]
  8978 | D:8      | Reached XP level 10. HP: 75/77 MP: 12/19
  9172 | D:8      | Reached * piety under Vehumet
  9172 | D:8      | Offered knowledge of Freeze by Vehumet.
  9735 | D:8      | Offered knowledge of Foxfire by Vehumet.
  9740 | D:8      | Reached ** piety under Vehumet
  9741 | D:8      | Reached skill level 7 in Fighting
 10140 | D:8      | Found a basalt altar of Yredelemnul.
 10537 | D:9      | Noticed Maggie
 10543 | D:9      | Killed Maggie
 10774 | D:9      | Noticed Erica
 10781 | D:9      | Killed Erica
 10782 | D:9      | Gained mutation: You are mostly covered in razor-sharp
                  | scales. (AC +2, Slay +2) [demonic ancestry]
 10782 | D:9      | Reached XP level 11. HP: 84/84 MP: 8/22
 10915 | D:9      | Reached skill level 5 in Shields
 11401 | D:9      | Offered knowledge of Frozen Ramparts by Vehumet.
 11760 | D:10     | Entered Level 10 of the Dungeon
 11830 | D:10     | Noticed a centaur warrior
 11838 | D:10     | Killed a centaur warrior
 12059 | D:10     | Noticed a two-headed ogre
 12383 | D:10     | Noticed Gastronok
 12392 | D:10     | Killed Gastronok
 12393 | D:10     | Reached skill level 8 in Fighting
 12629 | D:10     | Reached *** piety under Vehumet
 12745 | D:10     | Learned a level 6 spell: Iron Shot
 12750 | D:10     | Learned a level 4 spell: Olgreb's Toxic Radiance
 12824 | D:11     | Found a staircase to the Lair.
 12880 | D:11     | Noticed a seven-headed hydra
 12882 | D:11     | Noticed a two-headed ogre
 12885 | D:11     | Killed a seven-headed hydra
 12888 | D:11     | Killed a two-headed ogre
 13256 | D:11     | Noticed Psyche
 13841 | D:11     | Killed Psyche
 14310 | D:12     | Noticed a two-headed ogre
 14317 | D:12     | Killed a two-headed ogre
 14389 | D:12     | Noticed Erolcha
 14441 | D:12     | Noticed a four-headed hydra
 14447 | D:12     | Killed a four-headed hydra
 14604 | D:12     | Offered knowledge of Ignite Poison by Vehumet.
 14605 | D:12     | Reached skill level 9 in Fighting
 14611 | D:12     | Gained mutation: You have very sharp fingernails. [demonic
                  | ancestry]
 14611 | D:12     | Reached XP level 12. HP: 81/95 MP: 2/24
 14753 | D:12     | Noticed a seven-headed hydra
 14759 | D:12     | Killed a seven-headed hydra
 14876 | D:12     | Noticed a four-headed hydra
 14881 | D:12     | Killed a four-headed hydra
 15009 | D:12     | Killed Erolcha
 15760 | D:12     | Reached **** piety under Vehumet
 15871 | D:12     | Offered knowledge of Lightning Bolt by Vehumet.
 15979 | D:12     | Found a staircase to the Orcish Mines.
 16135 | D:12     | Learned a level 5 spell: Lightning Bolt
 16194 | D:13     | Noticed a two-headed ogre
 16198 | D:13     | Killed a two-headed ogre
 16278 | D:13     | Reached skill level 1 in Air Magic
 16431 | D:13     | Noticed a tengu warrior
 16787 | D:13     | Noticed a centaur warrior
 16788 | D:13     | Noticed a tengu warrior
 16997 | D:13     | Killed a tengu warrior
 17362 | D:13     | Noticed Jorgrun
 17372 | D:13     | Killed Jorgrun
 17373 | D:13     | Reached skill level 10 in Fighting
 17604 | D:13     | Found Jinioh's Book Shop.
 17613 | D:13     | Killed a tengu warrior
 17826 | D:13     | Bought Great Wizards, Vol. II for 494 gold pieces
 17832 | D:13     | Learned a level 5 spell: Borgnjor's Vile Clutch
 17931 | D:13     | Killed a centaur warrior
 17932 | D:13     | Reached skill level 1 in Necromancy
 17932 | D:13     | Reached XP level 13. HP: 76/103 MP: 15/26
 18158 | D:13     | Noticed Urug
 18161 | D:13     | Mangled by Urug

Illustrated notes

Levels and vault maps discovered:
D:1:      tarquinn_simple_flora_water_b, layout_rooms,
          dreamdust_ecumenical_altar_angels_and_demons, serial_shops,
          nicolae_shop_bloodbath_and_beyond
D:2:      layout_loops_ring, serial_shops, shop, basic_altar, uniq_terence,
          uniq_natasha
D:3:      layout_basic, serial_co_window_serial, co_window_cross_1,
          co_window_paths_a, co_window_paths_a, co_window_corner_a,
          co_window_paths_a, co_window_unsneaky_path_b, co_window_cross_2,
          co_window_corner_ca, co_window_unsneaky_path_d, co_window_paths_c,
          co_window_sun, co_window_4corner_b, glass_columns_c, glass_columns_a,
          glass_columns_c, glass_columns_a, glass_columns_b
D:4:      layout_loops_ring
D:5:      layout_cave_pools, enter_ossuary_2
D:6:      layout_rooms, amcnicky_altar_gilded, minmay_misc_feat_x
D:7:      layout_layer_cave, temple_hall_moat, gammafunk_ghost_abyssal_escape
D:8:      layout_gridville, fedhas_altar_2, mainiacjoe_overflow_catwalk,
          serial_ice, serial_ice_o, serial_ice_g, serial_ice_j, serial_ice_b,
          serial_ice_c, serial_ice_d, serial_ice_a, serial_ice_m, serial_ice_n,
          serial_ice_f
D:9:      layout_grid_maze, uniq_erica, uniq_maggie
D:10:     layout_roguey, uniq_gastronok
D:11:     layout_cave_pods, david_lair_shrubbed,
          nicolae_elevator_lobby_asterisk, uniq_psyche
D:12:     layout_roguey, erik_orc_1, eino_small_chamber_without_monster,
          uniq_erolcha
D:13:     layout_long_grid, serial_shops, shop, kennysheep_cluttered_room,
          uniq_jorgrun, uniq_urug
Temple:   nicolae_temple_bog_church

Skill      XL: |  1  2  3  4  5  6  7  8  9 10 11 12 |
---------------+-------------------------------------+-----
Fighting       | 1 2 3 4 5 6 7 9 10 | 10.1
Earth Magic    | 3 4 5 6 7 8 9 |  9.8
Spellcasting   | 3 4 5 6 7 8 9 |  9.6
Conjurations   | 1 2 3 4 5 7 8 9 |  9.9
Transmutations | 1 3 |  3.0
Stealth        | 3 |  3.0
Dodging        | 2 3 |  3.0
Armour         | 1 3 |  3.0
Shields        | 1 3 4 6 |  6.0
Air Magic      | 3 |  3.0
Necromancy     | 1 |  1.6

Action                   |  1- 3 |  4- 6 |  7- 9 | 10-12 | 13-15 || total
-------------------------+-------+-------+-------+-------+-------++-------
Melee: Hand axe          |    39 |     9 |    35 |       |       ||    83
       Punch             |     1 |       |     2 |       |       ||     3
       Dagger            |       |    27 |    16 |    41 |     1 ||    85
       Scimitar          |       |       |       |     5 |       ||     5
 Cast: Sandblast         |    12 |    32 |    83 |    83 |       ||   210
       Stone Arrow       |       |     4 |    65 |   183 |       ||   252
       Passwall          |       |     1 |       |     2 |       ||     3
       Iron Shot         |       |       |       |    38 |     2 ||    40
       Lightning Bolt    |       |       |       |     3 |       ||     3
       Borgnjor's Vile C |       |       |       |     1 |     2 ||     3
Evoke: Wand              |       |       |       |     9 |       ||     9
  Use: Scroll            |       |    10 |    10 |    10 |       ||    30
       Potion            |       |       |       |     3 |       ||     3
 Stab: Sleeping          |     2 |     4 |       |       |     1 ||     7
       Distracted        |       |       |     1 |       |       ||     1
       Paralysed         |       |       |       |     3 |       ||     3
Armor: Robe              |    13 |    19 |    40 |    27 |       ||    99
       Skin              |       |       |       |     4 |       ||     4
Dodge: Dodged            |    29 |    20 |    73 |    95 |       ||   217
Block: Buckler           |       |       |     8 |    32 |       ||    40
